 Dungeon Crawl Stone Soup version 0.30.1-3-gfc49f6343a (webtiles) character file.

Game seed: 693184768915057608

1179 monsoonserge the Basher (level 8, -2/78 HPs)
             Began as a Troll Berserker on Aug 4, 2023.
             Was a Priest of Trog.
             Slain by a water moccasin (3 damage)
             ... on level 6 of the Dungeon.
             The game lasted 00:08:51 (3368 turns).

monsoonserge the Basher (Troll Berserker)           Turns: 3368, Time: 00:08:53

Health: -2/78      AC:  5    Str: 28    XL:     8   Next: 18%
Magic:  7/7        EV: 10    Int:  9    God:    Trog [***...]
Gold:   177        SH:  0    Dex:  9    Spells: 7/7 levels left

rFire   . . .        t - +0 giant spiked club
rCold   . . .        (shield currently unavailable)
rNeg    . . .        b - +0 animal skin
rPois   .            x - +1 hat
rElec   .            (no cloak)
rCorr   .            (gloves unavailable)
SInv    .            (boots unavailable)
Will    .....        (no amulet)
Stlth   +            d - +6 ring of intelligence
HPRegen 1.13/turn    (no ring)
MPRegen 0.10/turn

%: no passive effects
@: lethally poisoned (-2 -> -5)
A: large, unfitting armour, claws 3, regeneration 1, shaggy fur 1, tough skin 1
a: Renounce Religion, Berserk, Trog's Hand


You were on level 6 of the Dungeon.
You worshipped Trog.
Trog was most pleased with you.
You visited 2 branches of the dungeon, and saw 7 of its levels.

You collected 177 gold pieces.

Inventory:

Hand Weapons
 t - a +0 giant spiked club (weapon)
Missiles
 j - 9 boomerangs (quivered)
 w - 2 datura-tipped darts
Armour
 b - a +0 animal skin (worn)
 x - a +1 hat (worn)
Jewellery
 d - a +6 ring of intelligence (left claw)
Wands
 k - a wand of mindburst (19)
 o - a wand of digging (2)
Scrolls
 c - a scroll of magic mapping {unknown}
 g - 2 scrolls of vulnerability {unknown}
 h - a scroll of enchant weapon {unknown}
 i - a scroll of poison {unknown}
 l - 5 scrolls of identify {unknown}
 n - 3 scrolls of amnesia {unknown}
 q - a scroll of silence {unknown}
 s - a scroll of teleportation {unknown}
 u - a scroll of torment {unknown}
 v - 2 scrolls of immolation {unknown}
Potions
 a - 5 potions of heal wounds {unknown}
 e - a potion of mutation {unknown}
 f - 5 potions of curing {unknown}
 m - a potion of magic {unknown}
 p - a potion of haste {unknown}
 r - a potion of cancellation {unknown}


   Skills:
 + Level 3.8 Fighting
 * Level 8.0 Maces & Flails
 + Level 0.1 Throwing
 + Level 3.7 Dodging
 + Level 0.6 Stealth


You had 7 spell levels left.
You didn't know any spells.
Your spell library contained the following spells:

 Spells                   Type           Power      Damage    Failure   Level
 Swiftness                Air            0%         N/A       77%         3
 Airstrike                Air            0%         2d(0-16)  99%         4


Dungeon Overview and Level Annotations

Branches:
Dungeon (6/15)             Temple (1/1) D:5

Altars:
Cheibriados
Dithmenos
Elyvilon
Fedhas
Gozag
Hepliaklqana
Kikubaaqudgha
Makhleb
Okawaru
Qazlal
Ru
Sif Muna
Trog
Vehumet
Wu Jian
Xom
Zin
The Shining One

Shops:
D:3 =   D:6 (


Innate Abilities, Weirdness & Mutations

You are too large for most types of armour.
You have claws for hands.
Your natural rate of healing is unusually fast.
You are covered in fur. (AC +1)
You have tough skin. (AC +1)


Message History

You miss the water moccasin. The water moccasin bites you.
You barely miss the water moccasin. The water moccasin bites you.
The water moccasin closely misses you.
You closely miss the water moccasin. The water moccasin bites you!
The water moccasin bites you.
You miss the water moccasin. The water moccasin barely misses you.
The water moccasin bites you.
You closely miss the water moccasin. The water moccasin bites you.
The water moccasin bites you but does no damage.
You barely miss the water moccasin.
The water moccasin bites you but does no damage.
The water moccasin bites you.
You are poisoned.
The water moccasin poisons you!
You closely miss the water moccasin.
You feel very sick. The water moccasin misses you.
The water moccasin bites you.
You are more poisoned.
The water moccasin poisons you!
You miss the water moccasin.
You feel extremely sick. The water moccasin barely misses you.
The water moccasin bites you.
You are more poisoned.
The water moccasin poisons you!
You closely miss the water moccasin.
You feel extremely sick. The water moccasin bites you. x2
You barely miss the water moccasin.
You feel extremely sick. The water moccasin bites you.
* * * LOW HITPOINT WARNING * * *
The water moccasin closely misses you.
You hit the water moccasin.
The water moccasin is lightly wounded.
* * * LOW HITPOINT WARNING * * *
You feel very sick. The water moccasin bites you!
* * * LOW HITPOINT WARNING * * *
The water moccasin bites you.
You die...

#......... #.....#
#......... #.....#
#......... #.....#
#......... #.....#
#......... #.....#
#......... #.....#
#......... #...S.#
#......... #...@.#
#.........
#.....######.........
#...........#######..
#...........#.....#..
#...........#.....#..
#...........#.....'..
#...........###...#..
#.....#########...#..
#.....#...........#..


You could see a water moccasin.

Vanquished Creatures
  2 ogres
  3 black bears
  2 phantoms
  2 bullfrogs
  2 scorpions (D:5)
  A gnoll bouda (D:5)
  A jelly (D:4)
  An iguana (D:6)
  3 orc wizards
  5 gnolls (D:4)
  3 adders
  A shadow imp (D:3)
  3 worms
  3 dart slugs
  16 orcs
  5 bats
  10 endoplasms
  3 goblins
  4 hobgoblins
  9 jackals
  4 quokkas
  4 ball pythons
  2 frilled lizards
  4 kobolds
  4 rats
97 creatures vanquished.

Notes
Turn   | Place    | Note
-------+----------+-------------------------------------------
     0 | D:1      | monsoonserge the Troll Berserker began the quest for the
                  | Orb.
     0 | D:1      | Reached XP level 1. HP: 22/22 MP: 0/0
   152 | D:1      | Reached skill level 3 in Maces & Flails
   186 | D:1      | Reached XP level 2. HP: 29/29 MP: 1/1
   337 | D:1      | Got the Lessons on the Brume
   557 | D:2      | Reached ** piety under Trog
   563 | D:2      | Reached XP level 3. HP: 32/36 MP: 2/2
   730 | D:2      | Reached skill level 4 in Maces & Flails
   897 | D:2      | Reached XP level 4. HP: 42/44 MP: 3/3
   966 | D:2      | Found the +1 Delatra's gloves {ID++}
  1234 | D:3      | Found a hazy altar of Hepliaklqana.
  1345 | D:3      | Found a faded altar of an unknown god.
  1446 | D:3      | Found Guzuag's Jewellery Boutique.
  1569 | D:3      | Reached XP level 5. HP: 50/50 MP: 4/4
  1631 | D:4      | Reached skill level 5 in Maces & Flails
  1845 | D:4      | Noticed a phantom
  1858 | D:4      | Killed a phantom
  1859 | D:4      | Reached XP level 6. HP: 59/59 MP: 5/5
  1884 | D:4      | Found a shimmering altar of Xom.
  1900 | D:4      | Found a shimmering altar of Xom.
  1900 | D:4      | Found a shimmering altar of Xom.
  1900 | D:4      | Found a shimmering altar of Xom.
  1998 | D:5      | Entered Level 5 of the Dungeon
  2004 | D:5      | Reached skill level 6 in Maces & Flails
  2054 | D:5      | Found an ancient bone altar of Kikubaaqudgha.
  2071 | D:4      | Reached *** piety under Trog
  2098 | D:4      | Reached XP level 7. HP: 59/67 MP: 6/6
  2295 | D:5      | Reached skill level 7 in Maces & Flails
  2424 | D:5      | Found a staircase to the Ecumenical Temple.
  2433 | Temple   | Entered the Ecumenical Temple
  2980 | D:6      | Found Qaehos's Weapon Shoppe.
  3037 | D:6      | Reached XP level 8. HP: 66/78 MP: 7/7
  3285 | D:6      | Reached skill level 8 in Maces & Flails
  3368 | D:6      | HP: 1/78 [water moccasin (7)]
  3368 | D:6      | Slain by a water moccasin

Illustrated notes

Levels and vault maps discovered:
D:1:      wander_arrival_chamber, layout_rooms, corner_web_ring
D:2:      layout_rooms, pf_guarded_unrand_delatra
D:3:      layout_rooms, lemuel_doored_altar, basic_ecumenical_altar,
          serial_shops, nicolae_shop_gaudy_bauble
D:4:      layout_basic, xom_redecorated, serial_co_window_serial,
          co_window_paths_a, co_window_corner_a, co_window_of_opportunity_a,
          co_window_corner_a, co_window_paths_b, co_window_2corner,
          co_window_of_opportunity_c, co_window_of_opportunity_c,
          co_window_corner_cb, co_window_broadway_b, co_window_of_opportunity_c,
          co_window_paths_d
D:5:      layout_loops_ring, mainiacjoe_overflow_concentric_impassable,
          lemuel_temple_firewalk_b, minmay_misc_feat_pillars
D:6:      layout_gridville, nicolae_stop_n_shop_1, minmay_strange_pillars,
          hangedman_decor_slide_cut
Temple:   minmay_freezing_vapour_temple

Skill      XL: |  1  2  3  4  5  6  7  8 |
---------------+-------------------------+-----
Maces & Flails | 3 4 5 6 7 8 |  8.0
Fighting       | 3 |  3.8
Dodging        | 3 |  3.7
Throwing       | |  0.1
Stealth        | |  0.6

Action                     |  1- 3 |  4- 6 |  7- 9 || total
---------------------------+-------+-------+-------++-------
  Melee: Mace              |   131 |    40 |       ||   171
         Flail             |       |   126 |    65 ||   191
         Punch             |       |     3 |     1 ||     4
         Giant spiked club |       |       |    41 ||    41
  Throw: Boomerang         |       |     1 |     1 ||     2
 Invoke: Berserk           |       |     2 |     1 ||     3
         Trog's Hand       |       |     1 |       ||     1
   Stab: Sleeping          |       |     2 |       ||     2
 Armour: Animal skin       |    70 |    51 |    26 ||   147
  Dodge: Dodged            |    92 |    92 |    66 ||   250
